 Dungeon Crawl Stone Soup version 0.26.1-11-gd32895ea62 (webtiles) character file.

Game seed: 6378377745459225028

2165 phalm the Destroyer (level 9, -3/37 HPs)
             Began as a Deep Elf Conjurer on May 4, 2021.
             Was a Follower of Vehumet.
             Shot with an arrow by a centaur (14 damage)
             ... on level 6 of the Dungeon.
             The game lasted 00:20:39 (8557 turns).

phalm the Destroyer (Deep Elf Conjurer)             Turns: 8557, Time: 00:20:40

Health: -3/37      AC:  4    Str:  4    XL:     9   Next: 10%
Magic:  9/18       EV: 15    Int: 27    God:    Vehumet [*.....]
Gold:   541        SH:  0    Dex: 13    Spells: 7/18 levels left

rFire    . . .     SeeInvis .   g - +2 dagger (freeze)
rCold    . . .     Faith    .   (no shield)
rNeg     . . .     Spirit   .   a - +0 robe
rPois    .         Reflect  .   o - +1 helmet
rElec    .         Harm     .   (no cloak)
rCorr    .         Rampage  .   (no gloves)
Will     .....                  (no boots)
Stlth    ++........             t - amulet of magic regeneration
HPRegen  0.12/turn              Z - ring of wizardry
MPRegen  0.41/turn              (no ring)

@: no status effects
A: repulsion field 1, frail 2, evolution 1
a: Renounce Religion


You were on level 6 of the Dungeon.
You worshipped Vehumet.
Vehumet was aware of your devotion.
You visited 2 branches of the dungeon, and saw 8 of its levels.

You collected 541 gold pieces.


Innate Abilities, Weirdness & Mutations

You are surrounded by a mild repulsion field. (EV +2)
You are very frail. (-20% HP)
You evolve.


   Skills:
 + Level 1.4 Fighting
 + Level 1.4 Armour
 + Level 3.5 Dodging
 - Level 2.4 Stealth
 + Level 5.3 Spellcasting
 * Level 9.8 Conjurations
 * Level 6.3 Hexes
 * Level 5.7 Translocations


You had 7 spell levels left.
You knew the following spells:

 Your Spells              Type           Power        Failure   Level
f - Fulminant Prism       Conj/Hex       25%          1%          4
m - Magic Dart            Conj           100%         1%          1
s - Searing Ray           Conj           100%         1%          2
X - Iskenderun's Mystic   Conj/Tloc      49%          1%          4

Your spell library contained the following spells:

 Spells                   Type           Power        Failure   Level
 Freeze                   Ice            28%          2%          1
 Dazzling Flash           Conj/Hex       100%         1%          3

Inventory:

Hand Weapons
 g - a +2 dagger of freezing (weapon)
   (You took it off a goblin on level 1 of the Dungeon)
Missiles
 h - 6 datura-tipped darts
 k - 39 poisoned darts
Armour
 a - a +0 robe (worn)
 o - a +1 helmet (worn)
   (You found it on level 2 of the Dungeon)
 x - a +0 tower shield
   (You took it off an orc wizard on level 3 of the Dungeon)
Jewellery
 t - an amulet of magic regeneration (around neck)
   (You found it on level 5 of the Dungeon)
 Z - a ring of wizardry (left hand)
   (You found it on level 3 of the Dungeon)
Wands
 b - a wand of polymorph (8)
   (You found it on level 6 of the Dungeon)
 m - a wand of iceblast (10)
   (You found it on level 5 of the Dungeon)
 u - a wand of random effects (19)
   (You took it off Sigmund on level 2 of the Dungeon)
Scrolls
 d - 5 scrolls of teleportation {@r4}
 f - a scroll of magic mapping {!r}
 i - 4 scrolls of enchant armour
 j - a scroll of amnesia {unknown}
 n - 4 scrolls of fear {unknown}
 q - 2 scrolls of enchant weapon {unknown}
 C - 2 scrolls of random uselessness {unknown}
 D - 2 scrolls of fog {unknown}
Potions
 c - a potion of attraction {!q}
 e - a potion of haste {@q3}
 r - a potion of magic
 s - a potion of heal wounds {unknown}
 v - a potion of brilliance {unknown}
 z - a potion of flight {unknown}

Dungeon Overview and Level Annotations

Branches:
Dungeon (7/15)             Temple (1/1) D:6

Altars:
Cheibriados
Dithmenos
Elyvilon
Fedhas
Gozag
Hepliaklqana
Makhleb
Nemelex Xobeh
Okawaru
Ru
Sif Muna
Uskayaw
Vehumet
Wu Jian
Xom
Yredelemnul
The Shining One

Shops:
D:4 (=

Annotations:
D:7 1 transporter, ISoar's ghost, novice DECj

#.#.#.........#
.#.#..........##....#
#"#.#.........##....#
.#.#.#+#.#+#####....#
#.#.#.#.#...# #....
.#.#.#.#....# #oc.
#.#.#.#.#...# #).
.#.#.#.#+...# #'####
#.#.#.#.#...# #@..8#
.#.#.#.#....# #....#
..#.#.#.#...# #....#
..'#.#.#....# #....#
..#.#.#.#...#
#....######
..+#.#.#....#
#....'....#
..#.#.#.#..<#
#....#....#
.#.#.#.#....#
#....#....#
#....(#.#...#
#8...#....#


You could see an orc warrior and a centaur.


Message History

😕 HP[-1] MP[-1]
You take 1 damage, and now have 30/37 hp.
You lost 1 mp, and now have 10/18 mp.
You feel sick.
You feel sick.
You feel sick.
You feel sick.
You feel sick.
You feel sick.
You feel sick.
You feel sick.
You feel sick.
You are no longer poisoned.
l - a scroll of identify {@r1} 😎 HP[+7] MP[+8]
Your hp is fully restored (37).
Your mp is fully restored (18).
As you read the scroll of identify {@r1}, it crumbles to dust.
r - a potion of magic You now have 541 gold pieces (gained 19).
Things that are here:
a +0 whip; a +0 leather armour
Found a stone staircase leading up.
(D) Dungeon (T) Temple
Where to? (Enter - D:7, ? - help)
There is a stone staircase leading up here.
You climb upwards.
A leopard gecko comes into view.
There is a stone staircase leading down here.
The magic dart hits the leopard gecko.
The leopard gecko hisses angrily.
The leopard gecko closely misses you.
The leopard gecko barely misses you. 😎 MP[-1]
You lost 1 mp, and now have 17/18 mp.
The magic dart hits the leopard gecko.
The leopard gecko bites you. 😕 HP[-4] MP[-1]
You take 4 damage, and now have 33/37 hp.
You lost 1 mp, and now have 16/18 mp.
The magic dart hits the leopard gecko.
You kill the leopard gecko!
Vehumet accepts your kill.
You feel your power returning. 😕 MP[+1]
You open the door.
There is an open door here.
You open the door.
There is an open door here.
You open the door.
An orc comes into view. It is wielding a +0 dagger.
The orc shouts!
An orc warrior comes into view.
It is wielding a +0 hand axe. 😎 HP[+4] MP[+1]
Your hp is fully restored (37).
Your mp is fully restored (18).
The magic dart hits the orc warrior but does no damage.
The orc warrior shouts!
A centaur comes into view. 😎 MP[-1]
You lost 1 mp, and now have 17/18 mp.
The magic dart hits the orc warrior.
The centaur shouts! 😎 MP[-1]
You lost 1 mp, and now have 16/18 mp.
Casting: Magic Dart (safe; 1% risk of failure)
Confirm with . or Enter, or press ? or * to list all spells.
Aiming: Searing Ray (safe; 1% risk of failure)
Press: ? - help, Shift-Dir - straight line, f/p - orc warrior
Aim: an orc warrior, wielding a +0 hand axe and wearing a +0 plate armour (lightly wounded, 17% to evade)
Okay, then.
Casting: Searing Ray (safe; 1% risk of failure)
Confirm with . or Enter, or press ? or * to list all spells.
Aiming: Fulminant Prism (dangerous; 1% risk of failure)
Press: ? - help, Dir - move target, p - orc warrior You conjure a prism of explosive energy!
A fulminant prism comes into view. 😎 MP[-3]
You lost 3 mp, and now have 13/18 mp.
The magic dart hits the orc warrior but does no damage.
The orc warrior hits you with a +0 hand axe!
The centaur wields a +0 shortbow.
The centaur shoots an arrow.
The arrow hits your fulminant prism!
Your fulminant prism crackles loudly. 😮 HP[-17] MP[-1]
You take 17 damage, and now have 20/37 hp.
MASSIVE DAMAGE!! (PAUSE)
You lost 1 mp, and now have 12/18 mp.
The centaur shoots an arrow.
The arrow hits your fulminant prism!
The blast of energy engulfs the centaur!!
The blast of energy engulfs the orc!
You kill the orc!
Vehumet accepts your kill.
The orc warrior hits you with a +0 hand axe!
* * * LOW HITPOINT WARNING * * *
😨 HP[-9] MP[+1]
You take 9 damage, and now have 11/37 hp.
MASSIVE DAMAGE!! (PAUSE)
Casting: Magic Dart (safe; 1% risk of failure)
Confirm with . or Enter, or press ? or * to list all spells.
You erupt in a blast of force!
The mystic blast hits the orc warrior!
The orc warrior is knocked back by the mystic blast.
The centaur shoots an arrow.
The arrow hits you!
You die...

Skill      XL: |  1  2  3  4  5  6  7  8 |
---------------+-------------------------+-----
Conjurations   | 5 6 7 8 9 |  9.8
Translocations | 3 4 5 |  5.7
Hexes          | 2 4 6 |  6.3
Spellcasting   | 4 5 |  5.3
Dodging        | 3 |  3.5
Fighting       | 1 |  1.4
Armour         | 1 |  1.4
Stealth        | |  2.4

Action                   |  1- 3 |  4- 6 |  7- 9 || total
-------------------------+-------+-------+-------++-------
Melee: Unarmed           |     2 |       |       ||     2
       Dagger            |       |     7 |    10 ||    17
Throw: Dart              |       |       |     2 ||     2
 Cast: Magic Dart        |    78 |   102 |   181 ||   361
       Searing Ray       |     1 |     8 |    29 ||    38
       Iskenderun's Myst |       |       |     5 ||     5
       Fulminant Prism   |       |       |     3 ||     3
Evoke: Wand              |       |     2 |     1 ||     3
  Use: Scroll            |       |       |    10 ||    10
       Potion            |       |       |     1 ||     1
Armor: Robe              |     7 |     1 |     3 ||    11
Dodge: Dodged            |    27 |    12 |    35 ||    74

Levels and vault maps discovered:
D:1:      eino_arrival_water_star, layout_basic
D:2:      layout_rooms, moated_statue, uniq_sigmund, uniq_jessica
D:3:      layout_loops_ring
D:4:      kennysheep_slugbush, layout_gridville, marbit_many_paths,
          serial_shops, kennysheep_mini, kennysheep_little_box
D:5:      layout_cave_pools, nicolae_dithmenos_the_darkroom
D:6:      minmay_klotski, layout_basic, minmay_temple_entry_statues_fountains
D:7:      layout_rooms, trog_eyes_of_draining, kiku_gazebo_pond_becter,
          gammafunk_temple_overflow_statue, nzn_ghost_randoct,
          grunt_gozag_breadcrumbs
Temple:   lightli_temple_of_artemis

Notes
Turn   | Place    | Note
-------+----------+-------------------------------------------
     0 | D:1      | phalm the Deep Elf Conjurer began the quest for the Orb.
     0 | D:1      | Reached XP level 1. HP: 10/10 MP: 6/6
     0 | D:1      | magus.rc [v1.9.10]
    14 | D:1      | You fall into a shaft and drop 1 floor!
    27 | D:2      | HP: 2/10 [leopard gecko (2)]
    45 | D:2      | HP: 2/10 [rat (1)]
   325 | D:2      | Reached XP level 2. HP: 15/15 MP: 1/8
   328 | D:2      | Learned a level 2 spell: Searing Ray
   408 | D:1      | Reached skill level 5 in Conjurations
  1233 | D:1      | Reached XP level 3. HP: 19/19 MP: 7/9
  1866 | D:2      | Reached skill level 6 in Conjurations
  2079 | D:2      | Noticed Jessica
  2082 | D:2      | Killed Jessica
  2083 | D:2      | Reached XP level 4. HP: 24/24 MP: 6/10
  2144 | D:2      | Noticed Sigmund
  2150 | D:2      | Killed Sigmund
  2151 | D:2      | Reached skill level 7 in Conjurations
  2151 | D:2      | Reached XP level 5. HP: 14/28 MP: 4/11
  2156 | D:2      | Learned a level 4 spell: Iskenderun's Mystic Blast
  2760 | D:3      | Reached XP level 6. HP: 32/32 MP: 8/12
  2765 | D:3      | Learned a level 4 spell: Fulminant Prism
  2796 | D:3      | Reached skill level 8 in Conjurations
  2861 | D:3      | Reached skill level 1 in Translocations
  2889 | D:3      | HP: 6/32 [shot self (12)]
  3433 | D:3      | Reached skill level 1 in Hexes
  3433 | D:3      | Reached skill level 2 in Translocations
  4192 | D:4      | Reached skill level 2 in Hexes
  4267 | D:4      | Reached skill level 3 in Translocations
  4267 | D:4      | Reached XP level 7. HP: 36/36 MP: 4/13
  4522 | D:4      | Reached skill level 3 in Hexes
  4846 | D:4      | Found Ramotacw's Jewellery Boutique.
  5126 | D:4      | Found a burning altar of Makhleb.
  5180 | D:4      | Found Sesyimp's Antique Weapon Emporium.
  5289 | D:5      | Entered Level 5 of the Dungeon
  5491 | D:5      | Reached skill level 4 in Hexes
  5617 | D:5      | Reached skill level 9 in Conjurations
  5617 | D:5      | Reached skill level 4 in Translocations
  5937 | D:5      | Found a shadowy altar of Dithmenos.
  6009 | D:5      | Reached skill level 4 in Spellcasting
  6009 | D:5      | Reached XP level 8. HP: 41/41 MP: 4/16
  6671 | D:6      | Reached skill level 5 in Hexes
  6703 | D:6      | Found a staircase to the Ecumenical Temple.
  6712 | Temple   | Entered the Ecumenical Temple
  6723 | Temple   | Became a worshipper of Vehumet
  6943 | D:6      | Reached skill level 5 in Translocations
  7335 | D:6      | Gained mutation: You are frail. (-10% HP) [potion of
                  | mutation]
  7335 | D:6      | Gained mutation: You are very frail. (-20% HP) [potion of
                  | mutation]
  7335 | D:6      | Gained mutation: You evolve. [potion of mutation]
  7335 | D:6      | Gained mutation: You are surrounded by a mild repulsion
                  | field. (EV +2) [potion of mutation]
  7501 | D:7      | Reached skill level 3 in Dodging
  7639 | D:7      | Reached skill level 1 in Fighting
  7639 | D:7      | Reached skill level 1 in Armour
  7832 | D:7      | Found a transporter.
  7835 | D:7      | Reached skill level 5 in Spellcasting
  7839 | D:7      | Reached skill level 6 in Hexes
  7849 | D:7      | Reached XP level 9. HP: 28/37 MP: 10/18
  7856 | D:7      | Reached * piety under Vehumet
  7856 | D:7      | Offered knowledge of Freeze by Vehumet.
  8465 | D:7      | Noticed ISoar's ghost (novice DECj)
  8557 | D:6      | Shot with an arrow by a centaur

Vanquished Creatures
  Sigmund (D:2)
  2 phantoms
  2 orc warriors (D:7)
  A sky beast (D:5)
  2 ogres
  2 centaurs
  A killer bee (D:7)
  3 scorpions
  3 hounds
  4 orc priests
  A centaur skeleton (D:7)
  A bullfrog skeleton (D:5)
  Jessica (D:2)
  An iguana (D:6)
  10 orc wizards
  5 worker ants
  A worker ant zombie (D:7)
  4 gnolls (D:5)
  8 adders
  3 white imps
  An ufetubus (D:7)
  An ooze (D:2)
  5 adder skeletons
  A worm (D:2)
  11 dart slugs
  9 leopard geckos
  24 orcs
  3 giant cockroaches
  8 goblins
  7 hobgoblins
  11 jackals
  9 kobolds
  3 quokkas
  A ball python skeleton (D:4)
  8 bats
  5 frilled lizards
  A giant cockroach zombie (D:5)
  A quokka zombie (D:5)
  8 rats
173 creatures vanquished.

Vanquished Creatures (others)
  3 fulminant prisms
3 creatures vanquished.

Grand Total: 176 creatures vanquished

Table legend:
 A = Non-vault XP
 B = Vault XP
 C = Vault XP percentage of total XP
 D = Non-vault monster count
 E = Vault monster count
 F = Vault count percentage of total count
                 A         B        C        D         E       F
            +---------+---------+-------+---------+---------+-------
      Total |    2802 |     292 |   9.4 |     162 |      11 |   6.4
            +---------+---------+-------+---------+---------+-------
        D:1 |      50 |       0 |   0.0 |      27 |       0 |   0.0
        D:2 |      49 |     257 |  84.0 |      23 |       2 |   8.0
        D:3 |     261 |       0 |   0.0 |      33 |       0 |   0.0
        D:4 |     332 |      32 |   8.8 |      14 |       8 |  36.4
        D:5 |     720 |       0 |   0.0 |      27 |       0 |   0.0
        D:6 |     488 |       3 |   0.6 |      16 |       1 |   5.9
        D:7 |     902 |       0 |   0.0 |      22 |       0 |   0.0
            +---------+---------+-------+---------+---------+-------

Illustrated notes

Table legend:
 A = Kills in this place as a percentage of kills in entire the game.
 B = Kills by you in this place as a percentage of kills by you in the entire game.
 C = Kills by friends in this place as a percentage of kills by friends in the entire game.
 D = Other kills in this place as a percentage of other kills in the entire game.
 E = Experience gained in this place as a percentage of experience gained in the entire game.
 F = Experience gained in this place divided by the number of levels of this place that you have seen.
                   A       B       C       D       E      F
               +-------+-------+-------+-------+-------+----------------------
         Total | 100.0 | 100.0 |   N/A |   N/A | 100.0 | 386.8
       Dungeon | 100.0 | 100.0 |   N/A |   N/A | 100.0 | 442.0
               +-------+-------+-------+-------+-------+----------------------

Table legend: (Time is in decaauts)
 A = Elapsed time spent in this place.
 B = Non-inter-level travel time spent in this place.
 C = Inter-level travel time spent in this place.
 D = Time resting spent in this place.
 E = Time spent auto-exploring this place.
 F = Levels seen in this place.
 G = Mean time per level.
                   A        B        C        D        E       F      G
               +--------+--------+--------+--------+--------+-----+--------+
         Total |   8569 |   8183 |    386 |    198 |   7062 |   8 | 1071.1 |
       Dungeon |   8448 |   8077 |    371 |    198 |   6966 |   7 | 1206.9 |
        Temple |    121 |    107 |     14 |      0 |     96 |   1 |  121.0 |
               +--------+--------+--------+--------+--------+-----+--------+

Top non-repeatable levels by time:
     D:3: 1557 daAuts
     D:1: 1410 daAuts
     D:4: 1374 daAuts
     D:2: 1197 daAuts
     D:5: 1132 daAuts
     D:6: 937 daAuts
     D:7: 837 daAuts
  Temple: 121 daAuts
